 Dungeon Crawl Stone Soup version 0.31-a0-43-g46d131a48f (webtiles) character file.

Game seed: 15809353528056120996

112 lunkers the Shooter (level 5, -2/47 HPs)
             Began as a Meteoran Wanderer on May 18, 2023.
             Slain by an orc
             ... wielding a +0 flail
              (7 damage)
             ... on level 2 of the Dungeon.
             The game lasted 00:03:01 (856 turns).

lunkers the Shooter (Meteoran Wanderer)              Turns: 856, Time: 00:03:02

Health: -2/47      AC:  5    Str: 12    XL:     5   Next: 40%
Magic:  6/6        EV: 10    Int: 10    God:
Gold:   54         SH:  0    Dex: 20    Spells: 4/4 levels left

rFire   . . .        a - +3 sling
rCold   . . .        (no shield)
rNeg    . . .        b - +0 ring mail
rPois   .            (no helmet)
rElec   .            (no cloak)
rCorr   .            (no gloves)
SInv    .            (no boots)
Will    .....        (no amulet)
Stlth   +            (no ring)
HPRegen 0.27/turn    (no ring)
MPRegen 0.10/turn

%: no passive effects
@: glowing
A: sense surroundings 1, otherworldly, glowing, explore regen
a: no special abilities


You were on level 2 of the Dungeon.
You visited 1 branch of the dungeon, and saw 3 of its levels.

You collected 54 gold pieces.

Inventory:

Hand Weapons
 a - a +3 sling (weapon)
 l - a +1 dagger of freezing
Armour
 b - a +0 ring mail (worn)
 f - an orb of energy
 k - an orb of mayhem
Scrolls
 c - a scroll of vulnerability
 d - 3 scrolls of identify {unknown}
 j - 2 scrolls of teleportation {unknown}
 m - a scroll of enchant weapon {unknown}
 n - a scroll of silence {unknown}
 p - a scroll of poison {unknown}
Potions
 e - a potion of mutation {unknown}
 g - a potion of curing {unknown}
 h - a potion of attraction {unknown}
 i - a potion of brilliance {unknown}
 o - a potion of heal wounds {unknown}


   Skills:
 + Level 4.4 Fighting
 - Level 6.0 Ranged Weapons
 - Level 1.2 Throwing
 - Level 1.2 Armour
 - Level 1.2 Evocations


You had 4 spell levels left.
You didn't know any spells.
Your spell library contained the following spells:

 Spells                   Type           Power      Damage    Failure   Level
 Magic Dart               Conj           0%         1d3       65%         1
 Call Imp                 Summ           0%         N/A       78%         2
 Hailstorm                Conj/Ice       0%         3d3       95%         3
 Mephitic Cloud           Conj/Pois/Air  0%         N/A       95%         3
 Ozocubu's Armour         Ice            0%         N/A       95%         3
 Ice Form                 Ice/Tmut       0%         N/A       100%        4
 Simulacrum               Ice/Necr       0%         N/A       100%        6
 Ozocubu's Refrigeration  Ice            0%         4d7       100%        7


Dungeon Overview and Level Annotations

Branches:
Dungeon (3/15) Zot: 912

Altars:


Innate Abilities, Weirdness & Mutations

You passively map a small area around you.
You are easily found by Zot.
You glow in the dark.
You regain HP and MP as you explore.


Message History

The sling bullet hits the orc.
The orc is almost dead.
The orc hits you with a +0 flail.
* * * LOW HITPOINT WARNING * * *
Fire: a) +3 sling
Press: ? - help, Q - select action Shift-Dir - straight line, f/p - orc
Aim: an orc, wielding a +0 flail (almost dead, 68% to hit)
You shoot a sling bullet.
The sling bullet closely misses the orc.
The sling bullet closely misses the orc.
The orc barely misses you.
Unknown command.
Fire: a) +3 sling
Press: ? - help, Q - select action Shift-Dir - straight line, f/p - orc
Aim: an orc, wielding a +0 flail (almost dead, 68% to hit)
You shoot a sling bullet. The sling bullet hits the orc.
You kill the orc!
Unknown command.
Fire: a) +3 sling
Press: ? - help, Q - select action Shift-Dir - straight line, f - frilled lizard
Aim: a frilled lizard (54% to hit)
You shoot a sling bullet.
The sling bullet hits the frilled lizard!
You kill the frilled lizard!
Unknown command.
Fire: a) +3 sling
Press: ? - help, Q - select action Shift-Dir - straight line, f - orc
Aim: an orc, wielding a +0 flail and wearing a +0 leather armour (almost dead, 68% to hit)
You shoot a sling bullet.
The sling bullet closely misses the orc.
The orc hits you with a +0 flail.
* * * LOW HITPOINT WARNING * * *
The orc hits you but does no damage.
Fire: a) +3 sling
Press: ? - help, Q - select action Shift-Dir - straight line, f/p - orc
Aim: an orc, wielding a +0 flail and wearing a +0 leather armour (almost dead, 68% to hit)
You shoot a sling bullet.
The sling bullet closely misses the orc.
The orc hits you with a +0 flail!
You die...

, #.###.....
..?......#..#.....)
...(....,##.#.###..
#......, *#>).# #..
#..... *#.### #..
#....,, #.# ### ...
,, #.# #o# * #.#
#@########.#
#..........#
############


You could see an orc.

Vanquished Creatures
  Natasha (D:2)
  4 adders (D:2)
  A dart slug (D:1)
  8 orcs
  3 bats
  5 endoplasms
  4 goblins (D:2)
  4 hobgoblins
  2 kobolds (D:2)
  3 ball pythons
  2 frilled lizards
  4 rats
41 creatures vanquished.

Notes
Turn   | Place    | Note
-------+----------+-------------------------------------------
     0 | D:1      | lunkers the Meteoran Wanderer began the quest for the Orb.
     0 | D:1      | lunkers set off with the following items: a +3 sling, a +0
                  | ring mail, a scroll of vulnerability.
     0 | D:1      | Reached XP level 1. HP: 19/19 MP: 2/2
   193 | D:1      | Reached XP level 2. HP: 26/26 MP: 3/3
   256 | D:1      | Reached skill level 5 in Ranged Weapons
   490 | D:1      | Glimpsed the power of Zot.
   516 | D:1      | Reached XP level 3. HP: 31/31 MP: 4/4
   539 | D:1      | Glimpsed the power of Zot.
   658 | D:2      | Found a faded altar of an unknown god.
   676 | D:2      | Reached XP level 4. HP: 22/38 MP: 5/5
   713 | D:2      | Reached skill level 6 in Ranged Weapons
   832 | D:2      | Noticed Natasha
   843 | D:2      | Killed Natasha
   844 | D:2      | Reached XP level 5. HP: 14/46 MP: 6/6
   856 | D:2      | Slain by an orc

Illustrated notes

Levels and vault maps discovered:
D:1:      dpeg_arrival_circle_labyrinth_a, layout_basic
D:2:      layout_basic, ebering_ecumenical_altar_ruins, uniq_natasha
D:3:      minmay_wonky_spiral, layout_loops_ring, minmay_misc_feat_chi,
          uniq_ijyb, uniq_grinder, uniq_sigmund, uniq_crazy_yiuf_cottage

Skill      XL: |  1  2  3  4 |
---------------+-------------+-----
Ranged Weapons | 5 6 |  6.0
Fighting       | 4 |  4.4
Throwing       | |  1.2
Armour         | |  1.2
Evocations     | |  1.2

Action                     |  1- 3 |  4- 6 || total
---------------------------+-------+-------++-------
   Fire: Sling             |    60 |    58 ||   118
 Armour: Ring mail         |    14 |    21 ||    35
  Dodge: Dodged            |    13 |    18 ||    31

Table legend: (Time is in decaauts)
 A = Elapsed time spent in this place.
 B = Non-inter-level travel time spent in this place.
 C = Inter-level travel time spent in this place.
 D = Time resting spent in this place.
 E = Time spent auto-exploring this place.
 F = Levels seen in this place.
 G = Mean time per level.
                   A        B        C        D        E       F      G
               +--------+--------+--------+--------+--------+-----+--------+
         Total |    886 |    835 |     51 |      0 |    551 |   3 |  295.3 |
       Dungeon |    886 |    835 |     51 |      0 |    551 |   3 |  295.3 |
               +--------+--------+--------+--------+--------+-----+--------+

Top non-repeatable levels by time:
     D:1: 588 daAuts
     D:2: 279 daAuts
     D:3: 18 daAuts
